 Dungeon Crawl Stone Soup version 0.28-a0-728-g0181a31188 (webtiles) character file.

Game seed: 13039020453254888736

21 Ijustatesigmund the Covert (level 2, -1/29 HPs)
             Began as a Gnoll Delver on Oct 28, 2021.
             Slain by a river rat (4 damage)
             ... in a sewer.
             The game lasted 00:02:06 (449 turns).

Ijustatesigmund the Covert (Gnoll Delver)            Turns: 449, Time: 00:02:06

Health: -1/29      AC:  3    Str: 11    XL:     2   Next: 87%
Magic:  2/2        EV: 13    Int:  9    God:
Gold:   22         SH:  0    Dex: 13    Spells: 2/2 levels left

rFire   . . .      SeeInvis .   a - +0 hand axe
rCold   . . .      Faith    .   (no shield)
rNeg    . . .      Spirit   .   b - +0 leather armour
rPois   .          Reflect  .   (no helmet)
rElec   +          Harm     .   (no cloak)
rCorr   .          Rampage  .   (no gloves)
Will    +....                   (no boots)
Stlth   ++++......              (no amulet)
HPRegen 0.09/turn               h - ring "Imicrof" {rElec Will+}
MPRegen 0.08/turn               (no ring)

@: hasted (expiring), very quick
A: fangs 1, strong nose, distributed training
a: no special abilities


You were in a sewer.
You visited 1 branch of the dungeon, and saw 2 of its levels.
You also visited: Sewer.

You collected 22 gold pieces.

Inventory:

Hand Weapons
 a - a +0 hand axe (weapon)
Armour
 b - a +0 leather armour (worn)
Jewellery
 h - the ring "Imicrof" (left hand) {rElec Will+}
   (You found it on level 5 of the Dungeon)

   [ring of willpower]

   rElec:     It insulates you from electricity.
   Will:      It increases your willpower.
 i - an amulet of faith
Wands
 g - a wand of digging (1)


   Skills:
 + Level 6.5 Fighting
 + Level 0.5 Short Blades
 + Level 0.5 Long Blades
 + Level 4.5 Axes
 + Level 0.5 Maces & Flails
 + Level 0.5 Polearms
 + Level 0.5 Staves
 + Level 0.5 Slings
 + Level 0.5 Bows
 + Level 0.5 Crossbows
 + Level 0.5 Throwing
 + Level 0.5 Armour
 + Level 4.5 Dodging
 + Level 9.5 Stealth
 + Level 0.5 Shields
 + Level 0.5 Unarmed Combat
 + Level 0.5 Spellcasting
 + Level 0.4 Conjurations
 + Level 0.4 Hexes
 + Level 0.4 Summonings
 + Level 0.4 Necromancy
 + Level 0.4 Translocations
 + Level 0.4 Transmutations
 + Level 0.4 Fire Magic
 + Level 0.4 Ice Magic
 + Level 0.4 Air Magic
 + Level 0.4 Earth Magic
 + Level 0.4 Poison Magic
 + Level 0.7 Invocations
 + Level 0.5 Evocations


You had 2 spell levels left.
You didn't know any spells.
Your spell library contained the following spells:

 Spells                   Type           Power      Damage    Failure   Level
 Ensorcelled Hibernation  Hex/Ice        0%         N/A       54%         2
 Spider Form              Tmut/Pois      0%         N/A       78%         3


Dungeon Overview and Level Annotations

Branches:
Dungeon (5/15)              Sewer (1/1)
 Temple: D:4-7

Altars:
The Shining One


Innate Abilities, Weirdness & Mutations

You have very sharp teeth.
Your uncanny sense of smell can sniff out nearby items.
Your experience applies equally to all skills.


Message History

You enter a sewer!
Found a gate leading back out of this place.
There is an empty arch of ancient stone here.
There is a gate leading back out of this place here.
The helpless rat fails to defend itself.
You slash the rat!
You kill the rat!
The river rat bites you.
* * * LOW HITPOINT WARNING * * *
You barely miss the river rat. You barely miss the river rat.
The river rat barely misses you.
You hit the river rat. Your bite misses the river rat.
The river rat is lightly wounded.
The river rat barely misses you.
You aren't carrying any potions.
You hit the river rat.
You bite the river rat, but do no damage.
The river rat is moderately wounded.
Your extra speed is starting to run out.
The river rat misses you.
You closely miss the river rat.
The river rat is moderately wounded.
You closely miss the river rat.
The river rat is moderately wounded.
The river rat bites you.
* * * LOW HITPOINT WARNING * * *
You closely miss the river rat.
You bite the river rat, but do no damage.
The river rat is moderately wounded.
The river rat barely misses you.
As you read the scroll of fog, it crumbles to dust.
The scroll dissolves into smoke.
You hit the river rat.
The river rat is moderately wounded.
The river rat bites you.
* * * LOW HITPOINT WARNING * * *
You barely miss the river rat.
The river rat is moderately wounded.
The river rat bites you.
You die...

###
#r#
#@#
#§#
#r#
#§#
#.#
#r#
#r#
#.#
#.#


You could see 2 river rats.

Vanquished Creatures
  A river rat (D:4)
  An adder (D:5)
  A giant cockroach (D:4)
  2 rats
5 creatures vanquished.

Notes
Turn   | Place    | Note
-------+----------+-------------------------------------------
     0 | D:5      | Reached skill level 9 in Stealth
     0 | D:5      | Ijustatesigmund the Gnoll Delver began the quest for the
                  | Orb.
     0 | D:5      | Reached XP level 1. HP: 23/23 MP: 1/1
     8 | D:5      | Noticed a scorpion
    27 | D:5      | Reached XP level 2. HP: 10/29 MP: 2/2
   284 | D:5      | Found a glowing golden altar of the Shining One.
   329 | D:5      | Identified the ring "Imicrof" {rElec Will+}
   388 | D:4      | Identified the +1 robe of the Will of the Gods {*Corrode
                  | rElec Str+4}
   423 | D:4      | Found a glowing drain.
   433 | Sewer    | Entered a sewer
   449 | Sewer    | Slain by a river rat

Illustrated notes

Levels and vault maps discovered:
D:4:      layout_loops_ring, portal_sewer_entry_e,
          nicolae_shop_overcharged_wands
D:5:      layout_loops_cross, old_standard_altar
Sewer:    sewer_kobolds

Skill      XL: | |
---------------+-+-----
Stealth        | |  9.5
Fighting       | |  6.5
Short Blades   | |  0.5
Long Blades    | |  0.5
Axes           | |  4.5
Maces & Flails | |  0.5
Polearms       | |  0.5
Staves         | |  0.5
Slings         | |  0.5
Bows           | |  0.5
Crossbows      | |  0.5
Throwing       | |  0.5
Armour         | |  0.5
Dodging        | |  4.5
Shields        | |  0.5
Unarmed Combat | |  0.5
Spellcasting   | |  0.5
Conjurations   | |  0.4
Hexes          | |  0.4
Summonings     | |  0.4
Necromancy     | |  0.4
Translocations | |  0.4
Transmutations | |  0.4
Fire Magic     | |  0.4
Ice Magic      | |  0.4
Air Magic      | |  0.4
Earth Magic    | |  0.4
Poison Magic   | |  0.4
Invocations    | |  0.7
Evocations     | |  0.5

Action                   || total
-------------------------++-------
Melee: Hand axe          ||    33
       Bite              ||     5
Evoke: Wand              ||     2
  Use: Scroll            ||     4
       Potion            ||     1
 Stab: Sleeping          ||     1
Armor: Leather armour    ||     2
Dodge: Dodged            ||    15

Table legend: (Time is in decaauts)
 A = Elapsed time spent in this place.
 B = Non-inter-level travel time spent in this place.
 C = Inter-level travel time spent in this place.
 D = Time resting spent in this place.
 E = Time spent auto-exploring this place.
 F = Levels seen in this place.
 G = Mean time per level.
                   A        B        C        D        E       F      G
               +--------+--------+--------+--------+--------+-----+--------+
         Total |    440 |    440 |      0 |    211 |      8 |   3 |  146.7 |
       Dungeon |    429 |    429 |      0 |    211 |      8 |   2 |  214.5 |
         Sewer |     11 |     11 |      0 |      0 |      0 |   1 |   11.0 |
               +--------+--------+--------+--------+--------+-----+--------+

Top non-repeatable levels by time:
     D:5: 356 daAuts
     D:4: 72 daAuts
   Sewer: 11 daAuts
